 Dungeon Crawl Stone Soup version 0.19.5 (webtiles) character file.

431 Gargoyl the Skirmisher (level 7, -1/59 HPs)
             Began as a Ghoul Abyssal Knight on Mar 13, 2017.
             Was a Believer of Lugonu.
             Slain by an ogre
             ... wielding a +0 giant club
              (6 damage)
             ... on level 4 of the Dungeon.
             The game lasted 00:09:02 (3762 turns).

Gargoyl the Skirmisher (Ghoul Abyssal Knight)       Turns: 3762, Time: 00:09:02

Health: -1/59      AC: 12    Str: 16    XL:     7   Next: 0%
Magic:  6/8        EV:  6    Int:  7    God:    Lugonu [**....]
Gold:   214        SH:  3    Dex: 10    Spells: 0 memorised, 6 levels left

rFire  . . .     SeeInvis .     o - +3 war axe
rCold  + . .     Gourm    .     d - +0 chain mail
rNeg   + + +     Faith    .     j - +0 buckler
rPois  ∞         Spirit   .     (no helmet)
rElec  .         Reflect  .     h - +2 cloak {+Inv}
rCorr  .         Harm     .     (no gloves)
MR     .....                    (no boots)
Stlth  ..........               (no amulet)
                                (no ring)
                                (no ring)

@: very slightly contaminated, rotting, invisible
A: rotting body, claws 1, carnivore 3, cold resistance 1, negative energy
resistance 3, slow regeneration 1, torment resistance, unbreathing
a: Depart the Abyss, Bend Space, Renounce Religion, Turn Visible


You were on level 4 of the Dungeon.
You worshipped Lugonu.
Lugonu was pleased with you.
You were not hungry.

You visited 1 branch of the dungeon, and saw 5 of its levels.
You visited the Abyss 1 time.

You collected 214 gold pieces.

Inventory:

Hand Weapons
 o - a +3 war axe (weapon)
 w - a +0 war axe
Armour
 d - a +0 chain mail (worn)
 h - a +2 cloak of invisibility (worn)
 j - a +0 buckler (worn)
Jewellery
 u - an uncursed ring of fire
Scrolls
 b - 4 scrolls of amnesia
 e - 4 scrolls of identify
 f - 2 scrolls of teleportation
 l - a scroll of blinking
 r - 2 scrolls of remove curse
Potions
 a - 2 potions of flight {unknown}
 g - a potion of curing
 k - a potion of might {unknown}
 m - a potion of invisibility {unknown}
 n - a potion of ambrosia {unknown}
 v - 2 potions of lignification {unknown}
Comestibles
 c - 2 meat rations
 i - a beef jerky


   Skills:
 + Level 4.0 Fighting
 + Level 3.6 Axes
 * Level 3.9 Armour
 + Level 1.1 Dodging
 + Level 1.0 Shields
 * Level 3.6 Invocations
 + Level 1.5 Evocations


You had 6 spell levels left.
You didn't know any spells.

Dungeon Overview and Level Annotations

Branches:
Dungeon (5/15)
 Temple: D:4-7

Altars:
Dithmenos
Trog


Innate Abilities, Weirdness & Mutations

Your body is rotting away.
You thrive on raw meat.
You are immune to poison.
You have sharp fingernails.
You are carnivorous and can eat meat at any time.
Your flesh is cold resistant. (rC+)
You are immune to negative energy. (rN+++)
You regenerate slowly when monsters are visible.
You are immune to unholy pain and torment.
You can survive without breathing.


Message History

You fail to use your ability.
The ogre hits you with a giant club.
You fail to use your ability.
You fail to use your ability.
The ogre hits you with a giant club!
You fade into invisibility!
You are very lightly contaminated with residual magic.
You feel quite a bit more hungry. You block the ogre's attack.
You slash the ogre!
The ogre is moderately wounded.
The ogre barely misses you.
You hit the ogre.
The ogre is moderately wounded.
The ogre hits you with a giant club!!
* * * LOW HITPOINT WARNING * * *
You barely miss the ogre.
The ogre is moderately wounded.
The ogre barely misses you.
You hit the ogre.
The ogre is heavily wounded.
The ogre hits you with a giant club.
You die...

# #.###........#.# #.# #
#.#......###.#.# #.# #
#.##.#'#.# #.#.# #.#
###.##.#.#.# #.#.# #.#
'.#.....(#.# #...# #.#
#'####.###.# ##..# #[#### ...#
#.# #.# #..# #..... ...# #.#
#.####.O###########.....
...###.#
#......@#.....##........
.......#
#.....###.....##........
.......#
#.............''.....###
......## #####.###.....##.....#
......### #...'.....##.....#
......'.# #..##.....##...>.#
......#.# #..##.....##.....#
......#.######..######.##<....#
......#......#......##.##.....#


You could see an ogre.

Vanquished Creatures
  A phantom (D:5)
  A scorpion (D:4)
  A hound (D:4)
  An orc priest (D:3)
  A bullfrog skeleton (D:5)
  Jessica (D:3)
  An iguana (D:4)
  5 adders
  A shadow imp (D:4)
  7 worms
  3 dart slugs
  4 leopard geckos
  6 orcs
  5 bats
  6 giant cockroaches
  6 goblins
  7 hobgoblins (D:1)
  5 jackals (D:3)
  3 quokkas
  2 frilled lizards (D:4)
  A kobold (D:3)
  8 rats
76 creatures vanquished.

Notes
Turn   | Place    | Note
-------+----------+-------------------------------------------
     0 | Abyss:1  | Gargoyl the Ghoul Abyssal Knight began the quest for the Orb.
     0 | Abyss:1  | Reached XP level 1. HP: 19/19 MP: 1/1
    73 | Abyss:1  | Found a corrupted altar of Lugonu.
   137 | Abyss:1  | Noticed a bone dragon
   143 | Abyss:1  | Found a corrupted altar of Lugonu.
   167 | Abyss:1  | Noticed a neqoxec
   171 | Abyss:1  | Noticed a small abomination
   172 | D:1      | Escaped the Abyss
   457 | D:1      | Reached XP level 2. HP: 26/26 MP: 2/2
   526 | D:1      | Reached * piety under Lugonu
   818 | D:2      | Reached XP level 3. HP: 31/31 MP: 1/3
  1409 | D:2      | Noticed a moth of wrath
  1413 | D:2      | Found a bloodstained altar of Trog.
  1442 | D:2      | Reached XP level 4. HP: 22/40 MP: 2/5
  1748 | D:3      | Noticed Jessica
  1769 | D:3      | Killed Jessica
  1769 | D:3      | Reached skill level 1 in Dodging
  1951 | D:3      | Reached XP level 5. HP: 46/46 MP: 6/6
  2264 | D:3      | Reached ** piety under Lugonu
  2289 | D:3      | Reached skill level 1 in Evocations
  2582 | D:4      | Reached XP level 6. HP: 50/52 MP: 7/7
  3212 | D:5      | Entered Level 5 of the Dungeon
  3221 | D:5      | Reached skill level 4 in Fighting
  3237 | D:5      | Found a shadowy altar of Dithmenos.
  3253 | D:5      | Noticed a phantom
  3317 | D:5      | Killed a phantom
  3385 | D:5      | Reached skill level 1 in Shields
  3470 | D:4      | Reached XP level 7. HP: 6/59 MP: 8/8
  3762 | D:4      | Slain by an ogre

Skill      XL: |  1  2  3  4  5  6 |
---------------+-------------------+-----
Armour         | 2 3 |  3.9
Axes           | 2 3 |  3.6
Dodging        | 1 |  1.1
Invocations    | 3 |  3.6
Evocations     | 1 |  1.5
Fighting       | 4 |  4.0
Shields        | 1 |  1.0

Action                   |  1- 3 |  4- 6 |  7- 9 || total
-------------------------+-------+-------+-------++-------
Melee: Hand axe          |   136 |    24 |       ||   160
       War axe           |       |   234 |     4 ||   238
Invok: Depart the Abyss  |     1 |       |       ||     1
       Bend Space        |       |     1 |       ||     1
 Abil: Evoke Invisibilit |     4 |     9 |     1 ||    14
  Use: Scroll            |     4 |    10 |       ||    14
       Potion            |       |     2 |     1 ||     3
 Stab: Invisible         |     5 |     9 |       ||    14
  Eat: Chunk             |    10 |    22 |       ||    32
Armor: Chain mail        |    97 |   234 |     1 ||   332
Dodge: Dodged            |    54 |   107 |     3 ||   164
Block: Buckler           |    10 |    49 |     1 ||    60
